 Dungeon Crawl Stone Soup version 0.22.1-5-g62c59d919a (webtiles) character file.

1320 Gargoyl the Distorting Centaur (level 8, -4/67 HPs)
             Began as a Centaur Abyssal Knight on Jan 10, 2019.
             Was a Believer of Lugonu.
             Slain by an iguana (9 damage)
             ... on level 4 of the Dungeon.
             The game lasted 00:07:26 (5482 turns).

Gargoyl the Distorting Centaur (CeAK)               Turns: 5482, Time: 00:07:27

Health: -4/67      AC: 13    Str: 18    XL:     8   Next: 33%
Magic:  11/11      EV: 10    Int: 11    God:    Lugonu [**....]
Gold:   146        SH:  0    Dex: 15    Spells: 7/7 levels left

rFire    . . .     SeeInvis .   a - +1 hand axe
rCold    . . .     Gourm    .   f - +0 large shield
rNeg     + . .     Faith    .   j - +4 ring mail
rPois    .         Spirit   .   (helmet restricted)
rElec    .         Reflect  .   h - +0 cloak (curse)
rCorr    .         Harm     .   (no gloves)
MR       .....                  (no barding)
Stlth    +.........             k - amulet of rage
HPRegen  0.21/turn              m - ring of positive energy
MPRegen  0.12/turn              (no ring)

@: confused, agile, flying, drained, very quick
A: large, antennae 1, fangs 1, hooves 3, yellow scales 1, deformed body, speed
2, strong 1, tough skin 3
a: Depart the Abyss, Bend Space, Renounce Religion, Evoke Berserk Rage


You were on level 4 of the Dungeon.
You worshipped Lugonu.
Lugonu was pleased with you.
You were not hungry.

You visited 1 branch of the dungeon, and saw 4 of its levels.
You visited the Abyss 1 time.

You collected 146 gold pieces.

Inventory:

Hand Weapons
 a - a +1 hand axe (weapon)
 l - a +1 whip of electrocution
Missiles
 i - 3 tomahawks (quivered)
Armour
 f - a +0 large shield (worn)
 h - a cursed +0 cloak (worn)
 j - a +4 ring mail (worn)
Jewellery
 k - an amulet of rage (around neck)
 m - a ring of positive energy (left hand)
Scrolls
 d - a scroll of identify
 g - 2 scrolls of remove curse
Potions
 e - 2 potions of curing
Comestibles
 c - 11 rations


   Skills:
 + Level 4.3(3.9) Fighting
 + Level 4.0(3.6) Axes
 + Level 0.2(2.0) Maces & Flails
 + Level 0.2(0.0) Throwing
 * Level 3.9(3.5) Armour
 + Level 2.3(2.0) Dodging
 * Level 3.6(3.2) Shields
 * Level 4.5(4.2) Invocations
 + Level 0.5(0.2) Evocations


You had 7 spell levels left.
You didn't know any spells.
Your spell library was empty.

Dungeon Overview and Level Annotations

Branches:
Dungeon (4/15)
 Temple: D:4-7

Altars:
Fedhas
Gozag
Kikubaaqudgha
Qazlal
Sif Muna
Trog
Vehumet

Annotations:
D:4 Eustachio


Innate Abilities, Weirdness & Mutations

You have hooves in place of feet.
Armour fits poorly on your strangely shaped body.
You cover ground very quickly.
You have extremely tough skin. (AC +3)
You have a pair of small antennae on your head.
You have very sharp teeth.
You are partially covered in yellow scales. (AC +2)
Your muscles are strong. (Str +2)


Message History

An orc wizard comes into view. It is wielding a dagger.
The orc wizard barely misses you. The iguana bites you!
* * * LOW HITPOINT WARNING * * *
It was a potion of mutation.
You feel extremely strange. A pair of antennae grows on your head!
Your teeth lengthen and sharpen.
You feel stronger.
Yellow scales grow over part of your body.
The orc wizard shouts!
The orc hits you but does no damage.
The orc wizard hits you with a dagger of draining.
* * * LOW HITPOINT WARNING * * *
You partially resist.
You feel drained. The iguana bites you.
* * * LOW HITPOINT WARNING * * *
The orc hits the plant but does no damage.
It was a potion of agility.
You feel agile all of a sudden.
The orc wizard mumbles some strange words.
The orc wizard seems to speed up.
The orc barely misses you. The orc wizard barely misses you.
The iguana bites you!
You die... ... ....o. .P.
P..@P ♣.. ♣Po.♣ .# ♣P.. ♣PoP♣

..#
♣♣...♣♣♣...♣♣♣..#
P...PP...%P..P..#
.....ooo........#
.P.oPSl@...PPP..#
♣♣..P♣♣♣...♣♣♣P.#
♣P.. ♣P..♣ .#
♣..P♣♣♣...♣♣♣..#
......P....P...#
..............#
.##..........#
###..####### #.##


You could see Eustachio, an iguana, 3 orc wizards, an adder and 4 orcs.

Vanquished Creatures
  Pikel (D:3)
  Sigmund (D:3)
  Duvessa (D:4)
  A slave (D:4)
  An ogre (D:3)
  Dowan (D:4)
  A scorpion (D:2)
  A hound (D:4)
  2 worker ants
  7 gnolls
  5 adders
  An ooze (D:1)
  3 worms (D:2)
  3 dart slugs
  5 leopard geckos
  2 orcs
  4 bats
  2 giant cockroaches (D:2)
  8 goblins
  3 hobgoblins
  11 jackals
  9 kobolds
  5 quokkas
  A ball python (D:2)
  11 frilled lizards
  3 rats
93 creatures vanquished.

Vanquished Creatures (others)
  A phantom (D:4)
  A slave (D:4)
  An adder (D:4)
  A ball python (D:4)
4 creatures vanquished.

Grand Total: 97 creatures vanquished

Notes
Turn   | Place    | Note
-------+----------+-------------------------------------------
     0 | Abyss:1  | Gargoyl the Centaur Abyssal Knight began the quest for the
                  | Orb.
     0 | Abyss:1  | Reached XP level 1. HP: 19/19 MP: 2/2
    49 | Abyss:1  | Noticed an apocalypse crab
    49 | Abyss:1  | Noticed an alligator skeleton
   101 | Abyss:1  | Noticed a hellwing
   107 | D:1      | Escaped the Abyss
   535 | D:1      | Reached * piety under Lugonu
   563 | D:2      | Reached XP level 2. HP: 6/26 MP: 3/3
   574 | D:2      | HP: 1/26 [kobold (1)]
  1083 | D:1      | Reached XP level 3. HP: 25/31 MP: 4/4
  1285 | D:1      | Reached skill level 1 in Dodging
  1862 | D:2      | Noticed a scorpion
  1874 | D:2      | Killed a scorpion
  1874 | D:2      | Reached skill level 1 in Shields
  1874 | D:2      | Reached XP level 4. HP: 8/38 MP: 5/5
  2450 | D:2      | Reached ** piety under Lugonu
  2522 | D:2      | Found a bloodstained altar of Trog.
  2806 | D:2      | Reached XP level 5. HP: 24/45 MP: 7/7
  3332 | D:2      | Found a deep blue altar of Sif Muna.
  3348 | D:2      | Found an ancient bone altar of Kikubaaqudgha.
  3904 | D:3      | Found an opulent altar of Gozag.
  3955 | D:3      | Noticed an ogre
  3968 | D:3      | Killed an ogre
  3968 | D:3      | Reached XP level 6. HP: 41/52 MP: 8/8
  4056 | D:3      | Found a stormy altar of Qazlal.
  4057 | D:3      | Found a blossoming altar of Fedhas.
  4057 | D:3      | Found a radiant altar of Vehumet.
  4057 | D:3      | Found a bloodstained altar of Trog.
  4279 | D:3      | Noticed Sigmund
  4304 | D:3      | Killed Sigmund
  4691 | D:4      | Noticed Dowan
  4696 | D:4      | Noticed Duvessa
  4700 | D:4      | Noticed a slave
  4701 | D:4      | Noticed Pikel
  4701 | D:4      | Noticed a slave
  4702 | D:4      | Noticed a slave
  4702 | D:4      | Noticed a slave
  4713 | D:4      | Reached XP level 7. HP: 59/59 MP: 9/9
  4724 | D:4      | Killed Duvessa
  5007 | D:3      | Killed Pikel
  5007 | D:3      | Reached XP level 8. HP: 41/66 MP: 9/11
  5220 | D:4      | Killed Dowan
  5479 | D:4      | Noticed Eustachio
  5481 | D:4      | Gained mutation: You have a pair of small antennae on your
                  | head. [potion of mutation]
  5481 | D:4      | Gained mutation: You have very sharp teeth. [potion of
                  | mutation]
  5481 | D:4      | Gained mutation: Your muscles are strong. (Str +2) [potion
                  | of mutation]
  5481 | D:4      | Gained mutation: You are partially covered in yellow
                  | scales. (AC +2) [potion of mutation]
  5482 | D:4      | Slain by an iguana

Skill      XL: |  1  2  3  4  5  6  7  8 |
---------------+-------------------------+-----
Axes           | 2 3 4 |  4.0
Dodging        | 1 2 |  2.3
Armour         | 2 3 |  3.9
Shields        | 1 2 3 |  3.6
Invocations    | 3 4 |  4.5
Fighting       | 4 |  4.3
Maces & Flails | |  0.2
Throwing       | |  0.2
Evocations     | |  0.5

Action                   |  1- 3 |  4- 6 |  7- 9 || total
-------------------------+-------+-------+-------++-------
Melee: Hand axe          |   127 |   186 |    45 ||   358
       Kick              |    20 |    32 |    20 ||    72
       Whip              |       |       |    30 ||    30
Throw: Tomahawk          |       |       |     1 ||     1
Invok: Depart the Abyss  |     1 |       |       ||     1
       Bend Space        |       |     1 |     1 ||     2
 Abil: Evoke Berserk Rag |       |     1 |     1 ||     2
  Use: Scroll            |     3 |     2 |       ||     5
       Potion            |     1 |       |     7 ||     8
  Eat: Chunk             |     2 |     8 |     1 ||    11
       Ration            |       |       |     1 ||     1
Armor: Leather armour    |    52 |    13 |       ||    65
       Ring mail         |       |    54 |    66 ||   120
Dodge: Dodged            |    19 |    30 |    19 ||    68
Block: Large shield      |    77 |   126 |    55 ||   258
